 Dungeon Crawl Stone Soup version 0.19.0-18-g426998a (webtiles) character file.

181 dracos369 the Slasher (level 5, -2/32 HPs)
             Began as a Tengu Chaos Knight on Nov 11, 2016.
             Slain by a gnoll
             ... wielding a +0 spear
              (6 damage)
             ... on level 3 of the Dungeon.
             The game lasted 00:06:34 (2115 turns).

dracos369 the Slasher (Tengu Chaos Knight)          Turns: 2115, Time: 00:06:34

Health: -2/32      AC:  5    Str: 13    XL:     5   Next: 61%
Magic:  6/6        EV: 11    Int: 13    God:    Xom [.....*]
Gold:   175        SH:  0    Dex: 13    Spells: 0 memorised, 4 levels left

rFire  . . .     SeeInvis +     a - +0 falchion (chaos)
rCold  . . .     Gourm    .     v - +2 leather armour
rNeg   . . .     Faith    .     (no shield)
rPois  .         Spirit   .     (helmet restricted)
rElec  .         Reflect  .     (no cloak)
rCorr  .         Harm     .     (no gloves)
MR     +....                    (boots unavailable)
Stlth  +.........               (no amulet)
                                q - ring of see invisible
                                p - ring of protection from magic

@: no status effects
A: beak, talons 3, able to fly 1
a: Fly, Renounce Religion


You were on level 3 of the Dungeon.
You worshipped Xom.
You were Xom's teddy bear.
You were not hungry.

You visited 1 branch of the dungeon, and saw 3 of its levels.

You collected 175 gold pieces.

Inventory:

Hand Weapons
 a - a +0 falchion of chaos (weapon)
 b - a +0 blowgun
Missiles
 d - 3 silver tomahawks
 g - 5 curare-tipped needles
 i - 4 javelins (quivered)
 o - a throwing net
 u - 31 poisoned needles
 w - 8 needles of frenzy
Armour
 v - a +2 leather armour (worn)
Jewellery
 p - a ring of protection from magic (left hand)
 q - a ring of see invisible (right hand)
Scrolls
 f - a scroll of remove curse
 h - a scroll of recharging {unknown}
 k - 2 scrolls of teleportation {unknown}
 m - a scroll of enchant weapon {unknown}
 r - a scroll of blinking {unknown}
 t - a scroll of identify {unknown}
Potions
 l - a potion of might {unknown}
 s - a potion of curing {unknown}
Comestibles
 c - 2 bread rations
 n - a chunk of flesh


   Skills:
 - Level 3.0 Fighting
 - Level 6.0 Long Blades
 + Level 2.4 Throwing
 - Level 2.1 Armour
 - Level 1.1 Dodging


You had 4 spell levels left.
You didn't know any spells.

Dungeon Overview and Level Annotations

Branches:
Dungeon (3/15)

Altars:
Gozag
Yredelemnul

Annotations:
D:2 Sigmund


Innate Abilities, Weirdness & Mutations

You have a beak for a mouth.
You have claws for feet.
You can fly.


Message History

The gnoll hits you.
The gnoll hits you from afar with a spear.
The gnoll hits you.
* * * LOW HITPOINT WARNING * * *
You hit the gnoll but do no damage.
The gnoll appears momentarily distorted!
The gnoll is almost dead.
The gnoll completely misses you. The gnoll closely misses you.
You hit the gnoll but do no damage. You peck the gnoll.
You kill the gnoll!
The gnoll closely misses you. The gnoll hits you with a spear.
* * * LOW HITPOINT WARNING * * *
Things that are here:
a whip; a leather armour You barely miss the gnoll.
You claw the gnoll, but do no damage. You peck the gnoll.
The gnoll is moderately wounded.
The gnoll hits you with a spear.
You die...

#######.######
##.#.## #.# #.###>#
####.###########.#.##
#.............###..#
####.##.########.#
##.# .....##.# #)#
#.# ..#.....# #.# #.#
..#.##### #.# #.##
..#.# #@# #..# ..#.#
#g#####># ..#.###
#.......# ......#
#.#####)# ..###.###
#.# #.####### #.#
#...# #.# #<......#
#.###.#.##ggg.(..#
#.#####.#
#.....#.##<#####.#
#.# #.# ###.###.# #.#
#.# #.#


You could see a gnoll.

Vanquished Creatures
  An orc wizard (D:3)
  A gnoll shaman (D:3)
  2 gnolls (D:3)
  4 adders
  A worm (D:2)
  8 orcs (D:3)
  A ball python (D:1)
  4 giant cockroaches
  13 goblins
  5 hobgoblins
  6 kobolds
  A quokka (D:2)
  4 bats
  4 frilled lizards
  4 rats
  A fungus (D:2)
60 creatures vanquished.

Notes
Turn   | Place    | Note
-------+----------+-------------------------------------------
     0 | D:1      | dracos369 the Tengu Chaos Knight began the quest for the Orb.
     0 | D:1      | Reached XP level 1. HP: 14/14 MP: 2/2
    62 | D:1      | XOM: silly message
   128 | D:1      | Reached XP level 2. HP: 16/19 MP: 3/3
   138 | D:1      | Reached skill level 4 in Long Blades
   273 | D:1      | XOM: harmless Necr miscast
   464 | D:1      | Reached XP level 3. HP: 22/23 MP: 4/4
   621 | D:1      | XOM: harmless Conj miscast
  1058 | D:2      | Found an opulent altar of Gozag.
  1164 | D:2      | Reached skill level 5 in Long Blades
  1238 | D:2      | Found a faded altar of an unknown god.
  1241 | D:2      | XOM: potion effect (haste)
  1246 | D:2      | Reached XP level 4. HP: 20/28 MP: 5/5
  1313 | D:2      | Found a basalt altar of Yredelemnul.
  1457 | D:2      | Noticed Sigmund
  1476 | D:3      | XOM: noise
  1607 | D:3      | XOM: potion effect (curing)
  1649 | D:3      | XOM: harmless Erth miscast
  1662 | D:3      | Reached skill level 6 in Long Blades
  1742 | D:3      | Gained mutation: You can fly. [Tengu growth]
  1742 | D:3      | Reached XP level 5. HP: 13/32 MP: 6/6
  2005 | D:3      | XOM: harmless Air miscast
  2017 | D:3      | Reached skill level 1 in Throwing
  2115 | D:3      | Slain by a gnoll

Skill      XL: |  1  2  3  4  5 |
---------------+----------------+-----
Long Blades    | 4 5 6 |  6.0
Throwing       | 2 |  2.4
Fighting       | |  3.0
Armour         | |  2.1
Dodging        | |  1.1

Action                   |  1- 3 |  4- 6 || total
-------------------------+-------+-------++-------
Melee: Falchion          |    70 |    84 ||   154
       Kick              |    18 |    25 ||    43
       Peck              |    11 |    20 ||    31
 Fire: Blowgun           |       |    10 ||    10
  Use: Scroll            |     1 |       ||     1
       Potion            |       |     3 ||     3
 Stab: Sleeping          |     1 |     1 ||     2
  Eat: Chunk             |     1 |     3 ||     4
Armor: Leather armour    |    18 |    23 ||    41
Dodge: Dodged            |    34 |    41 ||    75
       Rpst.: Falchion   |    14 |    10 ||    24
